 Dungeon Crawl Stone Soup version 0.30.1-11-g7821555f0a (webtiles) character file.

Game seed: 4188763439904591238

6932 pkoi the Draconian Disaster (level 10, 0/83 HPs)
             Began as a White Draconian Monk on Oct 30, 2023.
             Was a Believer of Qazlal.
             Slain by a vampire (4 damage)
             ... on level 11 of the Dungeon.
             The game lasted 00:10:59 (10802 turns).

pkoi the Draconian Disaster (White Draconian Monk) Turns: 10802, Time: 00:11:01

Health: 0/83       AC:  9    Str: 17    XL:     10   Next: 80%
Magic:  11/17      EV: 14    Int: 13    God:    Qazlal [**....]
Gold:   600        SH:  3    Dex: 14    Spells: 9/9 levels left

rFire   . .          .
                       - Unarmed
rCold   + . .        (no shield)
rNeg    . . .        (body armour unavailable)
rPois   .            (helmet restricted)
rElec   .            (no cloak)
rCorr   .            l - +0 pair of gloves
SInv    .            e - +0 pair of boots
Will    .....        (no amulet)
Stlth   +            (no ring)
HPRegen 0.33/turn    (no ring)
MPRegen 0.15/turn

%: no passive effects
@: no status effects
A: breathe frost, AC +7, unfitting armour, cold resistance 1, cold-blooded,
strong 1, MP-powered wands
a: Breathe Frost, Renounce Religion, Upheaval


You were on level 11 of the Dungeon.
You worshipped Qazlal.
Qazlal was pleased with you.
You visited 1 branch of the dungeon, and saw 10 of its levels.

You collected 600 gold pieces.

Inventory:

Hand Weapons
 b - the +8 longbow "Zephyr" {speed, Dex+3 SInv}
   (You acquired it on level 9 of the Dungeon)

   Dex:       It affects your dexterity (+3).
   SInv:      It lets you see invisible.
 i - a +3 spectral spear
 x - a +4 short sword
Missiles
 y - 5 curare-tipped darts (quivered)
Armour
 e - a +0 pair of boots (worn)
 l - a +0 pair of gloves (worn)
 s - an orb of light
Jewellery
 k - a +4 ring of protection
Wands
 t - a wand of digging (11)
 v - a wand of charming (12)
 D - a wand of acid (5)
Scrolls
 f - a scroll of blinking
 h - 2 scrolls of teleportation
 q - a scroll of magic mapping
 r - 2 scrolls of amnesia
 u - 2 scrolls of fog
 C - a scroll of fear
 E - a scroll of identify
Potions
 a - 3 potions of ambrosia
 c - 2 potions of resistance
 d - 2 potions of brilliance
 g - 2 potions of invisibility
 j - a potion of heal wounds
 m - a potion of haste
 n - a potion of cancellation
 o - 2 potions of curing
 p - 3 potions of flight
 w - 2 potions of might
 z - a potion of berserk rage
 A - a potion of magic {unknown}
 B - a potion of lignification {unknown}
 F - 2 potions of attraction {unknown}


   Skills:
 - Level 6.0 Fighting
 + Level 3.2 Ranged Weapons
 - Level 6.0 Dodging
 + Level 10.6 Unarmed Combat
 * Level 10.6 Invocations
 - Level 3.0 Evocations


You had 9 spell levels left.
You didn't know any spells.
Your spell library contained the following spells:

 Spells                   Type           Power      Damage    Failure   Level
 Necrotise                Necr           0%         1d4       30%         1
 Slow                     Hex            0%         N/A       30%         1
 Confusing Touch          Hex            0%         N/A       67%         3
 Vampiric Draining        Necr           0%         2d6       67%         3
 Agony                    Necr           0%         N/A       100%        5


Dungeon Overview and Level Annotations

Branches:
Dungeon (9/15)             Temple (0/1) D:4             Orc (0/2) D:9
   Lair: D:8-11

Altars:
Ashenzari
Nemelex Xobeh
Okawaru
Qazlal
Ru
Wu Jian

Shops:
D:4 [

Annotations:
D:11 2 runed translucent doors


Innate Abilities, Weirdness & Mutations

You can breathe waves of freezing cold which knock back foes.
Your icy white scales are hard. (AC +7)
You cannot fit into any form of body armour.
Your flesh is cold resistant. (rC+)
You are cold-blooded and may be slowed by cold attacks.
Your muscles are strong. (Str +4, Int/Dex -1)
You expend magic power (3 MP) to strengthen your wands.


Message History

The kobold demonologist is lightly wounded.
You hear some strange, mumbled words.
Something tries to affect you, but you resist.
The kobold demonologist is engulfed in a thunderstorm.
The kobold demonologist hits you with a +0 dagger.
You block the komodo dragon's attack.
You hit the kobold demonologist.
The kobold demonologist is almost dead.
The sixfirhy is engulfed in freezing vapours. x4
The sixfirhy hits you! The sixfirhy shocks you!
* * * LOW HITPOINT WARNING * * *
Something hits you but does no damage. Something barely misses you.
The kobold demonologist is engulfed in a thunderstorm.
You kill the kobold demonologist!
Qazlal accepts your kill.
The ufetubus disappears in a puff of smoke!
The quasit disappears in a puff of smoke!
The crimson imp disappears in a puff of smoke!
The komodo dragon barely misses you.
The sixfirhy is engulfed in freezing vapours.
The sixfirhy hits you!
* * * LOW HITPOINT WARNING * * *
The sixfirhy shocks you!
* * * LOW HITPOINT WARNING * * *
Unknown command.
Unknown command.
You feel much better.
The sixfirhy is engulfed in freezing vapours.
The sixfirhy closely misses you.
The sixfirhy is engulfed in freezing vapours.
The sixfirhy hits you.
* * * LOW HITPOINT WARNING * * *
The sixfirhy shocks you!
* * * LOW HITPOINT WARNING * * *
The sixfirhy is engulfed in freezing vapours.
The sixfirhy hits you but does no damage.
Something hits you!
* * * LOW HITPOINT WARNING * * *
Something bites you.
You die...

..##.....+..+..
.........## .(.
..........# ..)
....##....##
###.### # .#.
####..# .#+#.
.# ##.### ...
##.#
#..K###.###†..#
#...l{#+#...#
###§K§@l).#
#.53###.#
#..55...#
#>..#####
#....# ......#
#......#
#.......


You could see 2 komodo dragons, a kobold demonologist, a sixfirhy (summoned), a
kobold brigand, a quasit (summoned) and an ufetubus (summoned).

Vanquished Creatures
  A boulder beetle (D:11)
  Joseph (D:7)
  5 kobold demonologists
  Sigmund (D:6)
  A vampire (D:9)
  3 yaks
  2 wraiths
  An acid dragon (D:8)
  3 water moccasins
  A sky beast (D:6)
  An ice beast (D:8)
  An ogre (D:4)
  6 centaurs
  2 phantoms
  6 kobold brigands
  A gnoll sergeant (D:5)
  2 bullfrogs
  6 scorpions
  11 wights
  2 howler monkeys (D:7)
  2 hounds
  5 jellies
  A gnoll bouda (D:7)
  An orc priest (D:3)
  2 iguanas
  A sleepcap (D:6)
  5 orc wizards
  13 gnolls
  2 adders
  2 shadow imps
  3 white imps
  A worm (D:2)
  2 dart slugs
  9 orcs
  8 endoplasms
  4 giant cockroaches
  8 goblins
  5 hobgoblins
  2 quokkas (D:2)
  4 ball pythons
  3 bats
  3 frilled lizards
  17 kobolds
  6 rats
166 creatures vanquished.

Vanquished Creatures (others)
  2 orcs
2 creatures vanquished.

Grand Total: 168 creatures vanquished

Notes
Turn   | Place    | Note
-------+----------+-------------------------------------------
     0 | D:1      | pkoi the Draconian Monk began the quest for the Orb.
     0 | D:1      | Reached XP level 1. HP: 19/19 MP: 1/1
   140 | D:1      | Found a faded altar of an unknown god.
   331 | D:1      | Reached XP level 2. HP: 26/26 MP: 2/2
   824 | D:2      | Reached XP level 3. HP: 31/31 MP: 3/3
  1846 | D:3      | Gained mutation: Your muscles are strong. (Str +4, Int/Dex
                  | -1) [potion of mutation]
  1846 | D:3      | Gained mutation: You expend magic power (3 MP) to
                  | strengthen your wands. [potion of mutation]
  2062 | D:2      | Reached skill level 5 in Unarmed Combat
  2062 | D:2      | Reached XP level 4. HP: 29/38 MP: 4/4
  2474 | D:4      | Noticed an ogre
  2925 | D:3      | Reached XP level 5. HP: 19/46 MP: 5/5
  3567 | D:4      | Reached XP level 6. HP: 49/53 MP: 6/6
  3773 | D:4      | Found Kuleuw's Armour Shoppe.
  3878 | D:4      | Found a staircase to the Ecumenical Temple.
  4074 | D:5      | Entered Level 5 of the Dungeon
  4210 | D:5      | Reached skill level 5 in Fighting
  4210 | D:5      | Your scales start taking on an icy white colour.
  4210 | D:5      | Reached XP level 7. HP: 55/61 MP: 7/7
  4210 | D:5      | Gained mutation: Your flesh is cold resistant. (rC+) [White
                  | Draconian growth]
  4299 | D:5      | Reached skill level 1 in Evocations
  5660 | D:6      | Reached XP level 8. HP: 67/70 MP: 8/8
  5742 | D:6      | Reached skill level 5 in Dodging
  6614 | D:6      | Found a stormy altar of Qazlal.
  6648 | D:6      | Found a sparkling altar of Nemelex Xobeh.
  6703 | D:6      | Noticed Sigmund
  6711 | D:6      | Killed Sigmund
  7040 | D:6      | Found an ornate altar of the Wu Jian Council.
  7231 | D:6      | Became a worshipper of Qazlal Stormbringer
  7231 | D:6      | Reached * piety under Qazlal
  7231 | D:6      | Reached ** piety under Qazlal
  7335 | D:7      | Reached skill level 1 in Invocations
  7414 | D:7      | Noticed Joseph
  7419 | D:7      | Reached XP level 9. HP: 46/75 MP: 11/11
  7441 | D:7      | Killed Joseph
  7721 | D:7      | Reached skill level 5 in Invocations
  7741 | D:7      | Found an iron altar of Okawaru.
  7908 | D:7      | Found a sacrificial altar of Ru.
  8566 | D:8      | Found a broken altar of Ashenzari.
  9287 | D:8      | Reached XP level 10. HP: 39/83 MP: 16/16
  9842 | D:9      | Identified a scroll of acquirement
  9842 | D:9      | Acquired the +8 longbow "Zephyr" {speed, Dex+3 SInv}
  9842 | D:9      | Found the +8 longbow "Zephyr" {speed, Dex+3 SInv}
 10094 | D:9      | Reached skill level 10 in Unarmed Combat
 10100 | D:9      | Reached skill level 1 in Ranged Weapons
 10106 | D:9      | Reached *** piety under Qazlal
 10517 | D:9      | Found a staircase to the Orcish Mines.
 10739 | D:9      | You fall into a shaft and drop 2 floors!
 10739 | D:11     | Found a runed translucent door.
 10749 | D:11     | Found a runed translucent door.
 10770 | D:11     | Noticed a boulder beetle
 10788 | D:11     | Killed a boulder beetle
 10789 | D:11     | Reached skill level 10 in Invocations
 10794 | D:11     | Noticed a rust devil
 10796 | D:11     | Noticed a sixfirhy
 10801 | D:11     | HP: 1/83 [sixfirhy[a kobold demonologist] (12)]
 10802 | D:11     | Slain by a vampire

Illustrated notes

Levels and vault maps discovered:
D:1:      roderic_dead_forest, layout_loops_ring, ebering_ecumenical_altar_rust
D:2:      layout_basic, chequers_garden, grunt_ministairs_13,
          kennysheep_generic_room_12
D:3:      layout_basic
D:4:      layout_rooms, minmay_temple_entry_overgrown, serial_shops, shop
D:5:      layout_cave_pools, kennysheep_flooded_box
D:6:      layout_loops_cross, mainiacjoe_overflow_alcove_2,
          mainiacjoe_overflow_two_lobes, uniq_sigmund
D:7:      layout_basic, hangedman_ru_absence, lemuel_crystal_altar,
          chequers_serial_rivers_large_a, uniq_joseph
D:8:      layout_gridville, cheibrodos_ashenzari_chains
D:9:      layout_loops_cross, orc_0_dummy, serial_park_tiny_pond
D:11:     layout_layer_cave, minmay_statue_crystal_thing

Skill      XL: |  1  2  3  4  5  6  7  8  9 10 |
---------------+-------------------------------+-----
Unarmed Combat | 4 5 6 8 9 10 | 10.6
Dodging        | 3 4 6 |  6.0
Fighting       | 4 5 6 |  6.0
Evocations     | 2 3 |  3.0
Invocations    | 3 8 10 | 10.6
Ranged Weapons | 3 |  3.2

Action                     |  1- 3 |  4- 6 |  7- 9 | 10-12 || total
---------------------------+-------+-------+-------+-------++-------
  Melee: Unarmed           |    85 |   106 |   276 |    91 ||   558
         Tailslap          |    15 |    24 |    52 |    17 ||   108
         Spear             |       |       |    17 |       ||    17
         Punch             |       |       |       |     2 ||     2
   Fire: Longbow           |       |       |       |    18 ||    18
  Throw: Throwing net      |       |       |     2 |       ||     2
 Invoke: Upheaval          |       |       |     2 |     3 ||     5
    Use: Scroll            |    11 |     3 |     5 |     2 ||    21
         Potion            |     4 |       |       |     1 ||     5
   Stab: Held in net/web   |       |       |     2 |       ||     2
 Armour: Skin              |    20 |    30 |    59 |    33 ||   142
  Dodge: Dodged            |    43 |    65 |   190 |    73 ||   371
  Block: Orb               |       |       |    19 |     4 ||    23
         Other             |       |       |       |    12 ||    12
